 Dungeon Crawl Stone Soup version 0.24-a0-630-g0d56a85 (webtiles) character file.

Game seed: 12666345277477213297, levelgen mode: deterministic

5548 snetch the Cleaver (level 10, -4/91 HPs)
             Began as a Minotaur Berserker on Sept 19, 2019.
             Was a High Priest of Trog.
             Slain by Sonja
             ... wielding a +0 dagger of distortion
              (8 damage)
             ... on level 10 of the Dungeon.
             The game lasted 00:28:24 (7574 turns).

snetch the Cleaver (Minotaur Berserker)             Turns: 7574, Time: 00:28:24

Health: -4/91      AC: 11    Str: 29    XL:     10   Next: 44%
Magic:  9/9        EV: 12    Int:  4    God:    Trog [*****.]
Gold:   651        SH:  3    Dex: 10    Spells: 9/9 levels left

rFire    . . .     SeeInvis .   a - +0 battleaxe
rCold    + . .     Gourm    .   (shield currently unavailable)
rNeg     . . .     Faith    .   V - +2 scale mail {rC+}
rPois    .         Spirit   .   (helmet restricted)
rElec    .         Reflect  +   (no cloak)
rCorr    .         Harm     .   D - +0 pair of gloves
MR       ++...                  (no boots)
Stlth    +.........             G - +3 amulet of reflection
HPRegen  1.25/turn              K - +4 ring of strength
MPRegen  0.11/turn              A - +4 ring of slaying

@: lethally poisoned (-4 -> -4), about to teleport, regenerating, slowed, very
slow
A: retaliatory headbutt, horns 2
a: Berserk, Trog's Hand, Brothers in Arms, Renounce Religion


You were on level 10 of the Dungeon.
You worshipped Trog.
Trog was extremely pleased with you.
You were not hungry.

You visited 2 branches of the dungeon, and saw 11 of its levels.

You collected 651 gold pieces.

Inventory:

Hand Weapons
 a - a +0 battleaxe (weapon)
 F - a +2 hand axe of pain
 H - a +0 halberd of freezing
 P - a +3 long sword
Missiles
 b - 31 poisoned darts
 g - 122 sling bullets
 j - 711 stones (quivered)
 w - 8 javelins
 C - 7 boomerangs
 E - 47 bolts
 I - 49 arrows
 O - 4 atropa-tipped darts
 U - 6 silver boomerangs
Armour
 B - a cursed +0 ring mail
 D - a +0 pair of gloves (worn)
 V - a +2 scale mail of cold resistance (worn)
Jewellery
 A - a +4 ring of slaying (right hand)
 G - a +3 amulet of reflection (around neck)
 K - a +4 ring of strength (left hand)
Wands
 L - a wand of flame (18)
 T - a wand of disintegration (2)
Scrolls
 d - 5 scrolls of teleportation {unknown}
 k - 2 scrolls of enchant weapon
 l - 5 scrolls of remove curse
 m - 4 scrolls of fear {unknown}
 p - 3 scrolls of fog {unknown}
 r - 2 scrolls of noise {unknown}
 t - 3 scrolls of enchant armour {unknown}
 v - a scroll of blinking
 y - 2 scrolls of magic mapping {unknown}
 M - a scroll of silence
 N - 4 scrolls of immolation {unknown}
Potions
 e - 3 potions of lignification
 f - a potion of agility
 i - 3 potions of invisibility {unknown}
 n - 4 potions of curing {unknown}
 o - 2 potions of magic
 q - a potion of brilliance
 s - 3 potions of berserk rage {unknown}
 u - a potion of ambrosia
 x - 3 potions of haste {unknown}
 z - 2 potions of heal wounds {unknown}
 J - 3 potions of might {unknown}
Comestibles
 c - 19 rations
 h - 7 chunks of flesh


   Skills:
 + Level 9.2 Fighting
 + Level 13.5 Axes
 + Level 7.4 Armour
 + Level 5.2 Dodging
 + Level 3.0 Stealth


You had 9 spell levels left.
You didn't know any spells.
Your spell library contained the following spells:

 Spells                   Type           Power        Failure   Level  Hunger
 Animate Skeleton         Necr           N/A          73%         1    ##.....
 Apportation              Tloc           #.....       73%         1    ##.....
 Confusing Touch          Hex            #.....       73%         1    ##.....
 Corona                   Hex            #......      73%         1    ##.....
 Sandblast                Erth           #.....       73%         1    ##.....
 Summon Small Mammal      Summ           #...         73%         1    ##.....
 Ensorcelled Hibernation  Hex/Ice        #.....       86%         2    ###....
 Passwall                 Tmut/Erth      #.......     86%         2    ###....
 Poisonous Vapours        Pois/Air       #.....       86%         2    ###....
 Confuse                  Hex            #.......     97%         3    ####...
 Conjure Flame            Conj/Fire      #.......     97%         3    ####...
 Dazzling Spray           Conj/Hex       #.....       97%         3    ####...
 Mephitic Cloud           Conj/Pois/Air  #.......     97%         3    ####...
 Stone Arrow              Conj/Erth      #.....       97%         3    ####...
 Tukima's Dance           Hex            #.......     97%         3    ####...
 Petrify                  Tmut/Erth      #.......     100%        4    #####..
 Lee's Rapid Deconstruct  Erth           #.........   100%        5    ######.
 Freezing Cloud           Conj/Ice/Air   #.........   100%        6    #######
 Ring of Flames           Chrm/Fire      #.........   100%        7    #######


Dungeon Overview and Level Annotations

Branches:
Dungeon (10/15)            Temple (1/1) D:6            Lair (0/6) D:9
    Orc (0/2) D:9

Altars:
Ashenzari
Cheibriados
Dithmenos
Elyvilon
Fedhas
Gozag
Hepliaklqana
Kikubaaqudgha
Makhleb
Nemelex Xobeh
Okawaru
Qazlal
Ru
Sif Muna
Trog
Uskayaw
Vehumet
Wu Jian
Xom
Yredelemnul
Zin
The Shining One

Shops:
D:7 %

Annotations:
D:10 Sonja


Innate Abilities, Weirdness & Mutations

You reflexively headbutt those who attack you in melee.
You have a pair of horns on your head.


Message History

You feel sick. Sonja barely misses you. Sonja hits you but does no damage.
You feel strangely unstable.
Sonja hits you with a +0 dagger of distortion.
Sonja misses you.
Sonja hits you with a +0 dagger of distortion.
Space bends around you. Sonja hits you but does no damage.
Space bends around you. Sonja closely misses you. You furiously retaliate!
You headbutt Sonja!! Sonja hits you but does no damage.
Space warps horribly around you! Sonja hits you but does no damage.
Space warps horribly around you!
You completely miss Sonja.
Sonja is almost dead.
You feel sick.
Sonja is no longer blind.
Sonja hits you with a +0 dagger of distortion.
Space warps horribly around you!!
* * * LOW HITPOINT WARNING * * *
Sonja hits you with a +0 dagger of distortion.
* * * LOW HITPOINT WARNING * * *
Space warps horribly around you!
You die...

##########
#........#
#.....(..#
#...@K...#
#..<.....+
+....[...#
#........#
##+#######
##########
##........##
##..........##
##.)..........##


You could see Sonja.

Vanquished Creatures
  A two-headed ogre (D:9)
  Prince Ribbit (D:6)
  Sigmund (D:2)
  Eustachio (D:5)
  A hungry ghost (D:7)
  2 wargs (D:9)
  2 ice beasts
  6 sky beasts
  A phantom (D:5)
  4 ogres
  A centaur (D:6)
  5 big kobolds
  6 bullfrogs
  A gnoll sergeant (D:8)
  2 scorpions
  4 killer bees (D:9)
  5 howler monkeys
  4 electric eels (D:6)
  4 crimson imps
  2 gnoll shamans
  A jelly (D:8)
  4 hounds
  A centaur skeleton (D:4)
  3 orc priests
  6 orc wizards
  7 worker ants
  A hound skeleton (D:5)
  20 gnolls
  9 adders
  2 shadow imps (D:5)
  5 worms
  A dart slug (D:1)
  4 leopard geckos
  25 orcs
  4 bats
  9 giant cockroaches
  16 hobgoblins
  8 jackals
  4 quokkas
  3 ball pythons
  11 frilled lizards
  3 goblins
  A jackal skeleton (D:4)
  57 kobolds
  A leopard gecko skeleton (D:8)
  A leopard gecko zombie (D:5)
  9 rats
270 creatures vanquished.

Vanquished Creatures (collateral kills)
  A warg (D:9)
  A big kobold (D:9)
  A jelly (D:9)
  5 kobolds (D:9)
8 creatures vanquished.

Grand Total: 278 creatures vanquished

Notes
Turn   | Place    | Note
-------+----------+-------------------------------------------
     0 | D:1      | snetch the Minotaur Berserker began the quest for the Orb.
     0 | D:1      | Reached XP level 1. HP: 19/19 MP: 0/0
   121 | D:1      | Reached XP level 2. HP: 13/27 MP: 1/1
   167 | D:1      | Reached skill level 4 in Axes
   582 | D:2      | Reached XP level 3. HP: 32/33 MP: 2/2
   657 | D:2      | Found a snail-covered altar of Cheibriados.
   948 | D:2      | Noticed Sigmund
   959 | D:2      | Killed Sigmund
   959 | D:2      | Reached ** piety under Trog
   959 | D:2      | Reached skill level 5 in Fighting
   959 | D:2      | Reached skill level 5 in Axes
   959 | D:2      | Reached skill level 1 in Stealth
   959 | D:2      | Reached XP level 4. HP: 37/42 MP: 3/3
   959 | D:2      | Reached XP level 5. HP: 42/48 MP: 4/4
  1522 | D:2      | Found an ornate altar of the Wu Jian Council.
  1614 | D:2      | Found a stormy altar of Qazlal.
  1675 | D:3      | Reached XP level 6. HP: 55/56 MP: 5/5
  1766 | D:3      | Reached skill level 6 in Axes
  1855 | D:3      | Reached *** piety under Trog
  2513 | D:4      | Reached skill level 7 in Axes
  2513 | D:4      | Reached XP level 7. HP: 50/61 MP: 6/6
  2569 | D:5      | Entered Level 5 of the Dungeon
  3248 | D:6      | Reached skill level 8 in Axes
  3265 | D:6      | Found a radiant altar of Vehumet.
  3585 | D:5      | Noticed Eustachio
  3602 | D:5      | Killed Eustachio
  3602 | D:5      | Reached **** piety under Trog
  3602 | D:5      | Reached skill level 5 in Armour
  3602 | D:5      | Reached XP level 8. HP: 65/70 MP: 7/7
  3905 | D:5      | Reached skill level 9 in Axes
  4237 | D:6      | Found a staircase to the Ecumenical Temple.
  4244 | D:6      | Noticed Prince Ribbit
  4392 | D:6      | Killed Prince Ribbit
  4392 | D:6      | Reached skill level 10 in Axes
  4466 | D:6      | Found a glowing golden altar of the Shining One.
  4744 | Temple   | Entered the Ecumenical Temple
  4986 | D:6      | Reached XP level 9. HP: 31/79 MP: 8/8
  5084 | D:6      | Reached skill level 11 in Axes
  5720 | D:7      | Found Foyjet's Food Shop.
  5910 | D:7      | Found an ancient bone altar of Kikubaaqudgha.
  5910 | D:7      | Found a shimmering blue altar of Sif Muna.
  6335 | D:8      | Reached skill level 12 in Axes
  6376 | D:8      | Reached ***** piety under Trog
  6497 | D:8      | Found a bloodstained altar of Trog.
  6608 | D:8      | Found a hide-covered altar of Uskayaw.
  6660 | D:7      | Found a shattered altar of Ashenzari.
  6903 | D:9      | Found a sacrificial altar of Ru.
  7039 | D:9      | Received a gift from Trog
  7044 | D:9      | Reached XP level 10. HP: 38/90 MP: 9/9
  7089 | D:10     | Entered Level 10 of the Dungeon
  7098 | D:9      | Noticed a two-headed ogre
  7102 | D:9      | Killed a two-headed ogre
  7102 | D:9      | Reached skill level 13 in Axes
  7111 | D:9      | Reached skill level 5 in Dodging
  7201 | D:9      | Found a staircase to the Orcish Mines.
  7244 | D:9      | Found a staircase to the Lair.
  7487 | D:10     | Received a gift from Trog
  7570 | D:10     | Noticed Sonja
  7574 | D:10     | HP: 4/91 [Sonja/+0 dagger of distortion (3)]
  7574 | D:10     | Slain by Sonja

Levels and vault maps discovered:
D:1:      nzn_arrival_crosshair, layout_basic
D:2:      minmay_wonky_spiral, layout_loops_ring, overflow_temple_1_default,
          marbit_many_paths, first_ration, nicolae_qazlal_eye_of_the_storm,
          uniq_sigmund
D:3:      layout_basic
D:4:      layout_cave_pods
D:5:      layout_loops_corners, minmay_joined_circles, uniq_eustachio
D:6:      minmay_goblin_kobold_castle, layout_basic, vehumet_altar_wand_db,
          minmay_temple_entry_wispy, basic_altar, uniq_prince_ribbit1
D:7:      layout_loops_cross, nicolae_overflow_hidden_temple, serial_shops, shop
D:8:      layout_basic, lightli_temple_of_fire, old_standard_altar,
          serial_glass, glass_columns_b, glass_columns_a, glass_columns_a,
          glass_columns_c, glass_columns_a, glass_columns_b, glass_columns_a,
          glass_columns_a
D:9:      layout_gridville, lemuel_doored_altar, erik_lair_orcish_takeover,
          orc_0_dummy
D:10:     layout_roguey, grunt_tengu_nest, kennysheep_big_empty_room, uniq_urug,
          uniq_sonja
Temple:   minmay_temple_bridge_abc

Skill      XL: |  1  2  3  4  5  6  7  8  9 10 |
---------------+-------------------------------+-----
Axes           | 4 5 7 8 10 12 13 | 13.5
Fighting       | 4 5 6 7 8 9 |  9.2
Armour         | 3 4 5 6 7 |  7.4
Dodging        | 3 4 5 |  5.2
Stealth        | 1 2 3 |  3.0

Action                   |  1- 3 |  4- 6 |  7- 9 | 10-12 || total
-------------------------+-------+-------+-------+-------++-------
Melee: Hand axe          |    64 |    13 |       |       ||    77
       Headbutt          |    11 |    14 |    40 |    10 ||    75
       War axe           |     6 |    26 |       |       ||    32
       Battleaxe         |       |    57 |   243 |    51 ||   351
Throw: Stone             |     5 |       |       |       ||     5
       Dart              |       |       |       |     2 ||     2
Invok: Berserk           |     1 |     1 |     1 |     1 ||     4
       Trog's Hand       |       |     1 |     3 |     2 ||     6
       Brothers in Arms  |       |       |     1 |       ||     1
Evoke: Wand              |       |       |       |     1 ||     1
  Use: Scroll            |       |       |     8 |     1 ||     9
 Stab: Sleeping          |     1 |     1 |     2 |       ||     4
  Eat: Chunk             |       |     7 |    14 |     4 ||    25
       Ration            |       |       |     1 |       ||     1
Armor: Animal skin       |     6 |       |       |       ||     6
       Leather armour    |     7 |    14 |    29 |       ||    50
       Ring mail         |       |    11 |    17 |       ||    28
       Scale mail        |       |       |    33 |    18 ||    51
Dodge: Dodged            |    39 |    71 |   193 |    18 ||   321
Block: Other             |       |       |    25 |     5 ||    30
       Reflection        |       |       |     3 |       ||     3

Table legend:
 A = Non-vault XP
 B = Vault XP
 C = Vault XP percentage of total XP
 D = Non-vault monster count
 E = Vault monster count
 F = Vault count percentage of total count
                 A         B        C        D         E       F
            +---------+---------+-------+---------+---------+-------
      Total |    5514 |    2413 |  30.4 |     194 |      84 |  30.2
            +---------+---------+-------+---------+---------+-------
        D:1 |      26 |       0 |   0.0 |      17 |       0 |   0.0
        D:2 |      95 |     236 |  71.3 |      28 |       7 |  20.0
        D:3 |      68 |       0 |   0.0 |      24 |       0 |   0.0
        D:4 |     459 |       0 |   0.0 |      21 |       0 |   0.0
        D:5 |     222 |     753 |  77.2 |      11 |      14 |  56.0
        D:6 |     637 |     762 |  54.5 |      19 |      53 |  73.6
        D:7 |     667 |       0 |   0.0 |      12 |       0 |   0.0
        D:8 |     505 |       0 |   0.0 |      21 |       0 |   0.0
        D:9 |    2501 |     662 |  20.9 |      37 |      10 |  21.3
       D:10 |     334 |       0 |   0.0 |       4 |       0 |   0.0
            +---------+---------+-------+---------+---------+-------
